 Dungeon Crawl Stone Soup version 0.30.0-29-ga12c61a403 (webtiles) character file.

Game seed: 7492386736418333364

49 qw the Chopper (level 3, -2/23 HPs)
             Began as a Gargoyle Fighter on June 3, 2023.
             Slain by Sigmund
             ... wielding a +0 scythe
              (6 damage)
             ... on level 2 of the Dungeon.
             The game lasted 00:00:45 (1222 turns).

qw the Chopper (Gargoyle Fighter)                   Turns: 1222, Time: 00:00:46

Health: -2/23      AC: 13    Str: 21    XL:     3   Next: 77%
Magic:  3/3        EV:  7    Int:  8    God:
Gold:   44         SH:  4    Dex:  9    Spells: 2/2 levels left

rFire   . . .        Y - +0 war axe
rCold   + . .        c - +0 buckler
rNeg    + . .        i - +0 chain mail
rPois   inf          b - +1 hat of Distant Worlds {rC+}
rElec   +            (no cloak)
rCorr   .            (no gloves)
SInv    .            (no boots)
Will    .....        (no amulet) Stlth
                     (no ring)
HPRegen 0.23/turn    (no ring)
MPRegen 0.08/turn

%: no passive effects
@: no status effects
A: sickness immunity, AC +3, negative energy resistance 1, electricity
resistance, torment resistance 1, petrification resistance
a: no special abilities


You were on level 2 of the Dungeon.
You visited 1 branch of the dungeon, and saw 2 of its levels.

You collected 44 gold pieces.


Innate Abilities, Weirdness & Mutations

You are immune to sickness and miasma.
Your stone body is resilient. (AC +3)
You are immune to poison.
You resist negative energy. (rN+)
You are resistant to electric shocks. (rElec)
You are resistant to unholy torment.
You are immune to petrification.


   Skills:
 - Level 3.2 Fighting
 + Level 3.6 Axes
 - Level 3.2 Armour
 - Level 3.2 Shields


You had 2 spell levels left.
You didn't know any spells.
Your spell library was empty.

Inventory:

Hand Weapons
 j - a +0 whip
 Y - a +0 war axe (weapon)
Armour
 b - the +1 hat of Distant Worlds (worn) {rC+}
   (You acquired it on level 1 of the Dungeon)

   rC:        It protects you from cold.
 c - a +0 buckler (worn)
 i - a +0 chain mail (worn)
Scrolls
 a - a scroll of poison {unknown}
 f - a scroll of brand weapon {unknown}
 g - a scroll of teleportation
 h - a scroll of magic mapping {unknown}
Potions
 d - a potion of might
 e - a potion of degeneration {unknown}
 k - a potion of magic {unknown}
 l - 2 potions of curing {unknown}
 m - a potion of mutation {unknown}

Dungeon Overview and Level Annotations

Branches:
Dungeon (2/15)

Altars:

Annotations:
D:2 Sigmund


Message History

Sigmund casts a spell at you. The puff of flame hits you!
Sigmund barely misses you. Sigmund closely misses you.
Sigmund mumbles some strange words.
Sigmund flickers and vanishes!
Deactivating autopickup; reactivate with Ctrl-A.
You bump into the rock wall.
You feel less confused. Something hits you but does no damage.
You swing at nothing.
Something hits you but does no damage.
You swing at nothing.
You block something's attack.
You swing at nothing.
You hear some strange, mumbled words.
You are confused.
You bump into the rock wall.
Something hits you but does no damage.
You're too confused to move!
Something hits you but does no damage.
You bump into the rock wall.
Something hits you but does no damage.
You bump into the rock wall.
You feel less confused.
You closely miss something. Something hits you but does no damage.
You hit something.
You hear some strange, mumbled words.
A magic dart appears from out of thin air!
The magic dart hits you.
You miss something. Something hits you but does no damage.
You closely miss something. Something hits you.
You closely miss something. Something hits you but does no damage.
You closely miss something. Something hits you.
You die...

#.# #... ... #.# #.## .. #.# #.##
#.# #####.#####.#. ..
#............. #. #.####..###.##
. #.## ##.# ##...#.#.
#...##..####..# ###.....
........{@...## ###%%. #
############### ######...# ####
##.## ##.###..#....## ...## #...#
#...##...).....
[...#########...###.%.##.........
...........#..#..#..#..#...######
###.########.###.#.###.#..###
###...# ##..# #...# #......#
.####.####..## ##.## ##...#..#


There were no monsters in sight!

Vanquished Creatures
  An adder (D:2)
  A worm (D:2)
  A dart slug (D:1)
  4 ball pythons
  An endoplasm (D:1)
  2 giant cockroaches
  4 goblins (D:1)
  5 hobgoblins (D:1)
  6 kobolds
  A quokka (D:1)
  2 bats (D:2)
  3 frilled lizards
  2 rats
33 creatures vanquished.

Notes
Turn   | Place    | Note
-------+----------+-------------------------------------------
     0 | D:1      | qw the Gargoyle Fighter began the quest for the Orb.
     0 | D:1      | Reached XP level 1. HP: 14/14 MP: 1/1
     0 | D:1      | 0 ||| qw: Version: 0.2-a-103-g5a998e5
     0 | D:1      | 0 ||| qw: Game counter: 1102
     0 | D:1      | 0 ||| qw: Always use a shield: true
     0 | D:1      | 0 ||| qw: God list: Okawaru
     0 | D:1      | 0 ||| qw: Allow faded altars: false
     0 | D:1      | 0 ||| qw: Do Orc after D:15 true
     0 | D:1      | 0 ||| qw: Do second Lair branch before Depths: true
     0 | D:1      | 0 ||| qw: Lair rune preference: random
     0 | D:1      | 0 ||| qw: Plans: Normal, Zot:1-4, Slime:5, God:TSO, Crypt,
                  | Tomb, Pan, Hells, Abyss, Win
     0 | D:1      | 0 ||| PLANNING D:1-11
   103 | D:1      | Reached XP level 2. HP: 19/19 MP: 2/2
   313 | D:1      | 313 ||| Stepping ~*~*~tactically~*~*~ (hiding).
   344 | D:1      | Reached skill level 3 in Axes
   346 | D:1      | 346 ||| DROPPING +0 club.
   462 | D:1      | 462 ||| Stepping ~*~*~tactically~*~*~ (hiding).
   598 | D:1      | Reached XP level 3. HP: 23/23 MP: 3/3
   822 | D:1      | 822 ||| UPGRADING to +0 chain mail.
   832 | D:1      | 832 ||| DROPPING +0 scale mail.
   833 | D:1      | 833 ||| READING 2 scrolls labelled TOTUIPROAJ.
   834 | D:1      | 834 ||| READING scroll labelled ESYISE JEYNU.
   834 | D:1      | Identified a scroll of acquirement
   834 | D:1      | 834 ||| ACQUIRING +1 hat of Distant Worlds {rC+}
   834 | D:1      | Acquired the +1 hat of Distant Worlds {rC+}
   836 | D:1      | 836 ||| UPGRADING to +1 hat of Distant Worlds {rC+}.
   841 | D:1      | 841 ||| READING 2 scrolls labelled MOAHUSUAMA.
   844 | D:1      | 844 ||| READING scroll labelled YFUIDI TITTEAQ.
   845 | D:1      | 845 ||| READING scroll labelled RYCSUD MIJ HYN.
   846 | D:1      | 846 ||| DROPPING scroll of immolation.
  1192 | D:2      | Noticed Sigmund
  1194 | D:2      | 1194 ||| FLEEEEING.
  1195 | D:2      | 1195 ||| FLEEEEING.
  1196 | D:2      | 1196 ||| FLEEEEING.
  1220 | D:2      | HP: 3/23 [something (6)]
  1222 | D:2      | Slain by Sigmund

Levels and vault maps discovered:
D:1:      kilobyte_arrival_exit_the_forest, layout_basic
D:2:      layout_rooms, serial_curves, eino_curves_02, eino_curves_03,
          eino_curves_04, uniq_sigmund

Skill      XL: |  1  2 |
---------------+-------+-----
Axes           | 2 3 |  3.6
Fighting       | |  3.2
Armour         | |  3.2
Shields        | |  3.2

Action                     || total
---------------------------++-------
  Melee: War axe           ||   106
    Use: Scroll            ||     5
 Armour: Scale mail        ||    31
         Chain mail        ||    29
  Dodge: Dodged            ||    38
  Block: Buckler           ||    12

Table legend:
 A = Non-vault XP
 B = Vault XP
 C = Vault XP percentage of total XP
 D = Non-vault monster count
 E = Vault monster count
 F = Vault count percentage of total count
                 A         B        C        D         E       F
            +---------+---------+-------+---------+---------+-------
      Total |      71 |       0 |   0.0 |      33 |       0 |   0.0
            +---------+---------+-------+---------+---------+-------
        D:1 |      41 |       0 |   0.0 |      22 |       0 |   0.0
        D:2 |      30 |       0 |   0.0 |      11 |       0 |   0.0
            +---------+---------+-------+---------+---------+-------
